 Dungeon Crawl Stone Soup version 0.31-a0-1134-gb247575874 (webtiles) character file.

Game seed: 10876429150742646000

1662913 Crownlay the Slayer (level 26, 233/233 HPs)
             Began as a Minotaur Fighter on Dec 5, 2023.
             Was a High Priest of Okawaru.
             Escaped with the Orb
             ... and 3 runes!
             The game lasted 03:22:56 (68624 turns).

Crownlay the Slayer (Minotaur Fighter)             Turns: 68624, Time: 03:22:57

Health: 233/233    AC: 45    Str: 34    XL:     26   Next: 0%
Magic:  22/22      EV: 15    Int:  6    God:    Okawaru [*****.]
Gold:   3961       SH: 35    Dex: 18    Spells: 25/25 levels left

rFire   + + .        o - +9 war axe of Inquiry {heavy, rF+ rC+ rCorr}
rCold   + + +        A - +8 tower shield
rNeg    + + +        W - +8 orange crystal plate armour {Archmagi, Int+3 Clar}
rPois   +            Z - -2 hat of the Alchemist {rElec rPois rF+ rC+ rN+ Will+ rMut rCorr}
rElec   +            c - +0 cloak of Pantheism {Will+ MP-9 Dex+3}
rCorr   +            u - +2 pair of gloves {infuse}
SInv    .            v - +2 pair of boots "Hitas" {+Inv rN+++ Str-3 Dex+2}
Will    +++..        C - amulet "Immetwusev" {Reflect rPois rC+ Str+3 SH+5} Stlth
                     U - ring "Natiedgh" {+Blink rElec Str+6 Int-4 Stlth+}
HPRegen 0.58/turn    d - +4 ring of slaying
MPRegen 0.18/turn

%: reflection, clarity, resist mutation, archmagi, infuse magic (1 MP)
@: studying Long Blades
A: horns 2, retaliatory headbutt, frail 1, passive freeze
0: Orb of Zot
}: 3/15 runes: decaying, abyssal, gossamer
a: Renounce Religion, Evoke Blink, Evoke Invisibility, Heroism, Finesse, Duel


You escaped.
You worshipped Okawaru.
Okawaru was extremely pleased with you.
You visited 9 branches of the dungeon, and saw 46 of its levels.
You visited the Abyss 4 times.
You visited 1 bazaar.
You also visited: Ossuary, Ice Cave and Wizlab.

You collected 6775 gold pieces.
You spent 2814 gold pieces at shops.

Inventory:

Hand Weapons
 o - the +9 war axe of Inquiry (weapon) {heavy, rF+ rC+ rCorr}
   (Okawaru gifted it to you on level 2 of the Spider Nest)

   rF+:       It protects you from fire.
   rC+:       It protects you from cold.
   rCorr:     It protects you from acid and corrosion.
 P - the +8 broad axe "Uzenipea" {freeze, rPois Dex+3}
   (You found it on level 5 of the Realm of Zot)

   Dex+3:     It affects your dexterity (+3).
   rPois:     It protects you from poison
 V - a +1 hand axe of flaming
Missiles
 j - 16 curare-tipped darts
 l - 21 boomerangs
 L - 2 throwing nets
 T - 36 silver javelins (quivered)
Armour
 c - the +0 cloak of Pantheism (worn) {Will+ MP-9 Dex+3}
   (You found it on level 11 of the Dungeon)

   Dex+3:     It affects your dexterity (+3).
   Will+:     It increases your willpower.
   MP-9:      It affects your magic capacity (-9).
 u - a +2 pair of gloves of infusion (worn)
 v - the +2 pair of boots "Hitas" (worn) {+Inv rN+++ Str-3 Dex+2}
   (You found it on level 1 of the Spider Nest)

   Str-3:     It affects your strength (-3).
   Dex+2:     It affects your dexterity (+2).
   rN+++:     It renders you almost immune to negative energy.
   +Inv:      It lets you turn invisible.
 A - a +8 tower shield (worn)
 W - the +8 orange crystal plate armour (worn) {Archmagi, Int+3 Clar}
   (Okawaru gifted it to you on level 2 of the Spider Nest)

   Int+3:     It affects your intelligence (+3).
   Clar:      It protects you from confusion, rage, mesmerisation and fear.
 Z - the -2 hat of the Alchemist (worn) {rElec rPois rF+ rC+ rN+ Will+ rMut rCorr}
   (You bought it in a shop on level 2 of the Orcish Mines)

   rF+:       It protects you from fire.
   rC+:       It protects you from cold.
   rElec:     It insulates you from electricity.
   rPois:     It protects you from poison rN+: It protects you from negative
   energy.
   Will+:     It increases your willpower.
   rCorr:     It protects you from acid and corrosion.
   rMut:      It protects you from mutation.
Jewellery
 b - a ring of flight
 d - a +4 ring of slaying (right hand)
 C - the amulet "Immetwusev" (around neck) {Reflect rPois rC+ Str+3 SH+5}
   (You acquired it on level 3 of the Vaults)

   [amulet of reflection]

   Reflect:   It reflects blocked missile attacks.
   Str+3:     It affects your strength (+3).
   rC+:       It protects you from cold.
   rPois:     It protects you from poison SH+5: It affects your SH (+5).
 F - a ring of see invisible
 U - the ring "Natiedgh" (left hand) {+Blink rElec Str+6 Int-4 Stlth+}
   (You acquired it on level 2 of the Orcish Mines)

   [ring of strength]

   Str+6:     It affects your strength (+6).
   Int-4:     It affects your intelligence (-4).
   rElec:     It insulates you from electricity.
   +Blink:    It lets you blink.
   Stlth+:    It makes you more stealthy.
Wands
 k - a wand of acid (50)
 H - a wand of iceblast (71)
 K - a wand of polymorph (2)
 M - a wand of digging (5)
 N - a wand of paralysis (29)
 Q - a wand of flame (177)
 S - a wand of mindburst (10)
Scrolls
 a - 5 scrolls of noise
 e - 10 scrolls of immolation
 h - 22 scrolls of teleportation
 m - 12 scrolls of fear
 n - 4 scrolls of enchant armour
 q - 3 scrolls of silence
 r - 10 scrolls of fog
 y - 9 scrolls of poison
 z - a scroll of torment
 D - 4 scrolls of revelation
 J - 6 scrolls of vulnerability
 O - a scroll of blinking
Potions
 f - 9 potions of mutation
 g - 21 potions of curing
 i - 9 potions of attraction
 p - 5 potions of heal wounds
 s - 6 potions of cancellation
 t - a potion of enlightenment
 w - 12 potions of might
 x - 5 potions of berserk rage
 B - 11 potions of ambrosia
 E - 7 potions of lignification
 G - 2 potions of invisibility
 I - 6 potions of resistance
 R - 3 potions of haste
 X - 3 potions of magic


   Skills:
 + Level 25.5 Fighting
 - Level 25.0 Axes
 - Level 15.0 Throwing
 + Level 24.6 Armour
 - Level 15.0 Dodging
 * Level 19.7 Shields
 - Level 13.0 Invocations
 + Level 18.7 Evocations


You had 25 spell levels left.
You didn't know any spells.
Your spell library contained the following spells:

 Spells                   Type           Power      Damage    Failure   Level
 Apportation              Tloc           0%         N/A       98%         1
 Foxfire                  Conj/Fire      0%         2x1d4     98%         1
 Freeze                   Ice            0%         1d3       98%         1
 Kiss of Death            Conj/Necr      0%         2d5       98%         1
 Necrotise                Necr           0%         1d4       98%         1
 Sandblast                Erth           0%         2d4       98%         1
 Slow                     Hex            0%         N/A       98%         1
 Sting                    Tmut/Pois      0%         1d3       98%         1
 Cigotuvi's Dreadful Rot  Necr/Pois/Air  0%         N/A       99%         2
 Ensorcelled Hibernation  Hex/Ice        0%         N/A       99%         2
 Jinxbite                 Hex            0%         N/A       99%         2
 Passwall                 Tmut/Erth      0%         N/A       99%         2
 Poisonous Vapours        Pois/Air       0%         N/A       99%         2
 Scorch                   Fire           0%         2d5       99%         2
 Confusing Touch          Hex            0%         N/A       100%        3
 Dazzling Flash           Conj/Hex       0%         N/A       100%        3
 Frozen Ramparts          Ice            0%         1d1       100%        3
 Gell's Gravitas          Tloc           0%         N/A       100%        3
 Hailstorm                Conj/Ice       0%         3d5       100%        3
 Ignite Poison            Fire/Tmut/Pois 0%         N/A       100%        3
 Mephitic Cloud           Conj/Pois/Air  0%         N/A       100%        3
 Ozocubu's Armour         Ice            0%         N/A       100%        3
 Sigil of Binding         Hex            0%         N/A       100%        3
 Stone Arrow              Conj/Erth      0%         3d7       100%        3
 Teleport Other           Tloc           0%         N/A       100%        3
 Vampiric Draining        Necr           0%         2d6       100%        3
 Volatile Blastmotes      Fire/Tloc      0%         2d10      100%        3
 Brom's Barrelling Bould  Conj/Erth      0%         2d3       100%        4
 Cause Fear               Hex            0%         N/A       100%        4
 Dimensional Bullseye     Hex/Tloc       0%         N/A       100%        4
 Dispel Undead            Necr           0%         3d6       100%        4
 Flame Wave               Conj/Fire      0%         2d4       100%        4
 Fulminant Prism          Conj/Hex       0%         3d5       100%        4
 Iskenderun's Mystic Bla  Conj/Tloc      0%         2d3       100%        4
 Leda's Liquefaction      Hex/Erth       0%         N/A       100%        4
 Olgreb's Toxic Radiance  Pois           0%         N/A       100%        4
 Petrify                  Tmut/Erth      0%         N/A       100%        4
 Sticky Flame             Conj/Fire      0%         2d3       100%        4
 Vhi's Electric Charge    Tloc/Air       0%         N/A       100%        4
 Agony                    Necr           0%         N/A       100%        5
 Alistair's Intoxication  Tmut/Pois      0%         N/A       100%        5
 Borgnjor's Vile Clutch   Necr/Erth      0%         N/A       100%        5
 Fireball                 Conj/Fire      0%         3d3       100%        5
 Freezing Cloud           Conj/Ice/Air   0%         6-21      100%        5
 Iskenderun's Battlesphe  Conj           0%         2d6       100%        5
 Silence                  Hex/Air        0%         N/A       100%        5
 Conjure Ball Lightning   Conj/Air       0%         3x3d6     100%        6
 Dispersal                Tloc           0%         N/A       100%        6
 Eringya's Noxious Bog    Tmut/Pois      0%         4d6       100%        6
 Starburst                Conj/Fire      0%         6d3       100%        6
 Orb of Destruction       Conj           0%         9d5       100%        7
 Ozocubu's Refrigeration  Ice            0%         4d7       100%        7
 Borgnjor's Revivificati  Necr           0%         N/A       100%        8
 Discord                  Hex            0%         N/A       100%        8
 Disjunction              Tloc           0%         N/A       100%        8
 Ignition                 Fire           0%         3d3       100%        8
 Lehudib's Crystal Spear  Conj/Erth      0%         10d2      100%        8
 Maxwell's Capacitive Co  Air            0%         ∞         100%        8
 Polar Vortex             Ice            0%         N/A       100%        9
 Call Canine Familiar     Summ           Unusable   N/A       N/A         3
 Summon Guardian Golem    Hex/Summ       Unusable   N/A       N/A         3
 Tukima's Dance           Hex            Unusable   N/A       N/A         3
 Animate Armour           Summ/Erth      Unusable   N/A       N/A         4
 Summon Forest            Summ/Tloc      Unusable   N/A       N/A         5
 Summon Cactus Giant      Summ           Unusable   N/A       N/A         6
 Spellforged Servitor     Conj/Summ      Unusable   N/A       N/A         7
 Summon Hydra             Summ           Unusable   N/A       N/A         7
 Dragon's Call            Summ           Unusable   N/A       N/A         9

Dungeon Overview and Level Annotations

Branches:
Dungeon (15/15)            Temple (0/1) D:5            Lair (5/5) D:8
  Swamp (4/4) Lair:2       Spider (4/4) Lair:3        Slime (0/5) Lair:5
    Orc (2/2) D:11            Elf (3/3) Orc:2        Vaults (4/5) D:13
  Crypt (0/3) Vaults:2     Depths (4/4) D:15            Zot (5/5) Depths:4
Ossuary (visited)           IceCv (visited)          WizLab (visited)

Altars:
Ashenzari
Cheibriados
Dithmenos
Elyvilon
Gozag
Makhleb
Nemelex Xobeh
Okawaru
Sif Muna
Uskayaw
Vehumet
Wu Jian
Xom
Yredelemnul
Jiyva
Lugonu

Shops:
D:13 =   D:14 (   Orc:2 ([?*[   Elf:1 (=:=   Vaults:4 !!:

Portals:
Hell: Depths:1 Depths:2 Depths:3 Depths:4
Abyss: Lair:5 Depths:1 Depths:2 Depths:3
Pandemonium: Depths:2
Ziggurat: Depths:1

Annotations:
D:2 1 runed translucent door, Crazy Yiuf
Lair:4 2 runed translucent doors, Wired's ghost, journeyman DrSh


Innate Abilities, Weirdness & Mutations

You have a pair of horns on your head.
You reflexively headbutt those who attack you in melee.
You are frail. (-10% HP)
A frigid envelope surrounds you and freezes all who hurt you.


Message History

Magic restored.
There is a stone staircase leading up here.
You climb upwards.
There is a stone staircase leading down here.
There is a stone staircase leading up here.
You climb upwards.
Level annotation: 1 runed translucent door, Crazy Yiuf An Orb Guardian comes into view.
There is a stone staircase leading down here.
An Orb Guardian is nearby!
You block the Orb Guardian's attack. x2
You slash the Orb Guardian!
You headbutt the Orb Guardian, but do no damage.
The Orb Guardian is lightly wounded.
You block the Orb Guardian's attack.
You slice the Orb Guardian!! You headbutt the Orb Guardian!
The Orb Guardian is heavily wounded.
The Orb Guardian hits you but does no damage.
The Orb Guardian is very cold.
The Orb Guardian is heavily wounded.
The Orb Guardian misses you. You furiously retaliate!
You headbutt the Orb Guardian!! You slash the Orb Guardian!
Your headbutt misses the Orb Guardian.
The Orb Guardian is severely wounded.
You block the Orb Guardian's attack.
You carve the Orb Guardian like a ham!!!
You kill the Orb Guardian!
Okawaru accepts your kill.
You have reached level 26!
There is a stone staircase leading up here.
Okay, then.
Okay, then.
You climb upwards.
There is a stone staircase leading down here.
Magic restored.
As you open the door, it creaks loudly!
There is an open door here.
There is a staircase leading out of the dungeon here.
You have 3961 gold pieces.
You have escaped!

#########.# #.#
################.........# #.#
.........#.............#.####)###
.........#.#####'#####.#.........
.........#.#PPP#.#PPP#.#.########
.........#.#P⌠P#.#P⌠P#.#.#
.........#.#PPP#.#PPP#.#.#
.(.........#####.#####.#.########
...........'....@....+......>....
.........[.#####.#####..####†####
...##...#..#PPP#.#PPP#...........
.[....#.#..#P⌠P#.#P⌠P#.#####.##..
...........#PPP#.#PPP#.#####.##..
.....##....#####+#####.#.....##..
#............................###.
.....#..................#########
#######.######............†......


There were no monsters in sight!

Vanquished Creatures
  5 dread liches
  3 ancient liches
  3 orbs of fire (Zot:5)
  Vv (Zot:2)
  the Lernaean hydra (Swamp:4)
  3 Killer Klowns
  4 curse toes
  7 golden dragons
  7 bone dragons
  14 tentacled monstrosities
  3 electric golems
  A hellephant (Abyss:4)
  2 Hell Sentinels
  A shard shrike skeleton (Abyss:4)
  24 Orb Guardians
  2 deep elf blademasters (Elf:3)
  The ghost of Plog the Tortoise, an adept AtMo of Okawaru (Vaults:3)
  3 liches
  6 quicksilver dragons
  Gastronok (D:10)
  2 deep elf master archers (Elf:3)
  2 pandemonium lords (Zot:5)
  A sphinx (D:12)
  An Executioner (Abyss:4)
  7 death cobs
  20 tentacled starspawn
  A thorn hunter (Swamp:4)
  13 shadow dragons
  A tengu reaver (Depths:2)
  2 acid blobs (Vaults:3)
  12 storm dragons
  7 draconian monks
  2 daevas
  Kirke (D:13)
  Donald (Elf:1)
  5 fenstrider witches
  A rockslime (Vaults:3)
  3 deep elf elementalists
  3 frost giants
  4 draconian knights
  A caustic shrike zombie (Depths:2)
  5 fire giants
  5 emperor scorpions
  4 deep elf sorcerers
  2 draconian stormcallers
  4 orc warlords
  A balrug (Depths:3)
  3 draconian shifters
  9 ghost moths
  10 draconian annihilators
  6 draconian scorchers
  7 vault wardens
  14 ironbound preservers
  3 cacodemons
  5 stone giants
  2 quicksilver oozes (Vaults:3)
  20 very ugly things
  3 ironbound thunderhulks
  4 formless jellyfish
  2 war gargoyles
  6 broodmothers
  A juggernaut skeleton (Abyss:4)
  4 eleionomae
  6 vampire knights
  15 dire elephants
  15 green draconians
  5 lorocyprocas
  8 purple draconians
  Nessos (Lair:5)
  The ghost of Gonzollydolly the Arsonist, a journeyman MeFE of Sif Muna (D:12)
  5 deep elf demonologists
  2 spark wasps (Spider:4)
  6 deep elf annihilators
  6 red draconians
  13 black draconians
  7 bunyips
  15 yellow draconians
  10 white draconians
  4 blizzard demons
  5 ettins
  4 deep elf death magi
  12 jiangshi
  3 entropy weavers
  An entropy weaver (shapeshifter) (D:12)
  A merfolk impaler (Abyss:4)
  A shambling mangrove (Swamp:2)
  9 yaktaur captains
  6 fire dragons
  2 deep elf high priests (Elf:3)
  Harold (D:10)
  2 peacekeepers
  2 rakshasas
  6 great orbs of eyes
  10 vault guards
  10 ice dragons
  A caustic shrike simulacrum (Abyss:4)
  A hell beast (Depths:3)
  Fannar (Lair:1)
  18 hydras
  A catoblepas (D:12)
  5 spriggan air magi
  Erica (Lair:2)
  6 ironbound frosthearts
  A jorogumo (Spider:4)
  8 alligators
  A death knight (Abyss:4)
  A spriggan skeleton (Depths:2)
  The ghost of Graknight the Blocker, a journeyman GrFi of Okawaru (D:11)
  14 centaur warriors
  A radroach (Spider:4)
  10 boulder beetles
  4 two-headed ogres
  7 deep troll shamans
  30 dancing weapons
  A ghost crab (Swamp:4)
  A sphinx skeleton (Depths:2)
  4 tengu warriors
  15 deep troll earth magi
  8 demonic crawlers
  5 death yaks (Lair:5)
  8 vampire magi
  6 orc high priests
  An occultist (D:15)
  17 thrashing horrors
  A hell hog (Abyss:3)
  4 spriggan berserkers
  4 sun demons
  A storm dragon zombie (Depths:2)
  6 hell knights
  4 soul eaters
  A spectral spark wasp (Depths:3)
  7 wretched stars
  Sonja (Lair:4)
  11 pharaoh ants
  3 spatial maelstroms
  A titan skeleton (Abyss:4)
  4 sixfirhies
  A sun moth (Spider:2)
  14 iron trolls
  2 shadow wraiths (Abyss:4)
  58 deep trolls
  5 skeletal warriors
  17 deep elf knights
  3 goliath frogs
  A fire crab (shapeshifter) (Abyss:4)
  3 golden dragon zombies (Depths:2)
  6 spriggan druids
  11 bog bodies
  15 orb spiders
  A death drake (Abyss:4)
  10 swamp dragons
  11 deep elf archers
  8 glowing orange brains
  9 lindwurms
  A tengu zombie (Depths:2)
  5 flayed ghosts (Depths:3)
  A shadow demon (WizLab)
  8 steelbarb worms
  19 ironbound convokers
  30 deep elf pyromancers
  A golden dragon skeleton (Depths:2)
  5 arcanists
  6 necromancers
  7 phantasmal warriors (Depths:3)
  29 deep elf zephyrmancers
  A mana viper (Abyss:4)
  16 orc knights
  38 large abominations
  A draconian (Abyss:4)
  27 wolf spiders
  A manticore (shapeshifter) (Depths:3)
  4 orc sorcerers
  36 ugly things
  4 will-o-the-wisps
  7 worldbinders
  An elephant (Lair:5)
  5 manticores
  6 cyclopes
  18 moths of wrath
  An ice statue (IceCv)
  An apocalypse crab (Abyss:4)
  A kobold blastminer (Orc:1)
  2 rust devils (Abyss:3)
  10 vault sentinels
  3 torpor snails
  An eye of devastation (Abyss:3)
  Joseph (D:7)
  2 guardian serpents (shapeshifter)
  2 black mambas
  Maggie (Lair:2)
  16 smoke demons
  12 cane toads
  2 hellions (WizLab)
  An orange demon (Abyss:3)
  2 gargoyles
  Jeremiah (D:7)
  An unseen horror (Abyss:3)
  2 kobold demonologists
  33 yaktaurs
  A rime drake (shapeshifter) (D:11)
  An unseen horror (shapeshifter) (D:11)
  5 komodo dragons
  5 rime drakes
  A tormentor (Abyss:3)
  4 efreet
  3 ice devils
  An anaconda simulacrum (IceCv)
  4 freezing wraiths
  7 ancient zymes
  A red devil (Abyss:4)
  3 bloated husks
  A tengu conjurer (D:15)
  13 meliai
  3 polar bears
  A queen bee (shapeshifter) (Elf:2)
  7 trolls
  2 wolf spider simulacra (D:15)
  A polar bear (shapeshifter) (D:11)
  33 tarantellas
  13 hornets
  A hornet (shapeshifter) (D:11)
  5 glass eyes
  7 tyrant leeches
  Grinder (D:6)
  Prince Ribbit (D:7)
  26 raiju
  37 blink frogs
  2 spriggan zombies
  27 slime creatures
  A glass eye (shapeshifter) (Depths:4)
  38 jumping spiders
  A flying skull (Abyss:4)
  2 air elementals
  2 dire elephant simulacra (IceCv)
  30 culicivoras
  A culicivora (shapeshifter) (D:11)
  10 spriggans
  A shadow (D:11)
  A fire elemental (Elf:2)
  11 ynoxinuls
  5 wraiths
  A wyvern (D:9)
  4 humans (D:13)
  3 water elementals
  36 yaks
  A golden eye (Abyss:4)
  3 steam dragons
  A golden eye (shapeshifter) (Lair:5)
  48 starcursed masses
  16 vampire mosquitoes
  5 death yak simulacra
  57 redbacks
  5 basilisks
  10 neqoxecs
  7 wargs
  9 chaos spawn
  3 spatial vortices
  8 swamp worms
  A naga (shapeshifter) (D:11)
  An acid dragon (D:10)
  A hydra simulacrum (Lair:5)
  15 water moccasins
  44 orc warriors
  A glowing shapeshifter skeleton (Depths:2)
  2 ice beasts
  A sky beast (D:7)
  13 swamp drakes
  2 black bears
  27 small abominations
  5 ogres
  5 boggarts (D:9)
  25 wolves
  22 centaurs
  2 phantoms (D:5)
  6 kobold brigands
  6 bullfrogs
  2 brain worms (Abyss:4)
  4 two-headed ogre simulacra (IceCv)
  A gnoll sergeant (D:8)
  4 scorpions
  2 cane toad simulacra (IceCv)
  8 wights
  9 killer bees (D:9)
  6 elephant simulacra
  A howler monkey (D:13)
  3 electric eels
  A lava snake (D:9)
  A quasit (Abyss:3)
  A jelly (D:6)
  4 hounds
  A gnoll bouda (D:4)
  23 orc priests
  An iron imp (Abyss:4)
  3 sleepcaps
  Jessica (D:2)
  5 iguanas
  30 orc wizards
  A lightning spire (Abyss:4)
  6 hell rats (Lair:1)
  2 polar bear simulacra (IceCv)
  6 spriggan simulacra
  3 troll simulacra (IceCv)
  3 wolf simulacra (IceCv)
  8 mummies (Ossuary)
  6 gnolls
  11 adders
  8 naga simulacra (IceCv)
  A shadow imp (D:8)
  13 white imps
  4 hell rat simulacra (Lair:5)
  10 ufetubi
  A dart slug (D:5)
  108 orcs
  4 ball pythons
  9 endoplasms
  3 giant cockroaches
  6 goblins
  7 hobgoblins
  4 jackals (D:3)
  34 kobolds
  5 quokkas
  4 bats
  5 frilled lizards
  A gnoll zombie (Ossuary)
  2 hobgoblin zombies (Ossuary)
  2 kobold zombies (Ossuary)
  3 orc zombies (Ossuary)
  3 rats
  28 starspawn tentacles
2407 creatures vanquished.

Vanquished Creatures (others)
  A thrashing horror (Abyss:4)
  An orc high priest (Orc:2)
  A deep elf knight (Elf:2)
  A deep elf zephyrmancer (Elf:1)
  A draconian (Abyss:4)
  A bloated husk (Swamp:1)
  A jumping spider (Spider:4)
  A culicivora (Spider:4)
  An acid dragon (D:8)
  2 small abominations (Abyss:4)
  20 foxfires
  24 starspawn tentacles
55 creatures vanquished.

Grand Total: 2462 creatures vanquished

Notes
Turn   | Place    | Note
-------+----------+-------------------------------------------
     0 | D:1      | Crownlay the Minotaur Fighter began the quest for the Orb.
     0 | D:1      | Reached XP level 1. HP: 19/19 MP: 0/0
   361 | D:1      | Reached XP level 2. HP: 27/27 MP: 1/1
   613 | D:2      | Found a runed translucent door.
   614 | D:2      | Noticed Crazy Yiuf
   897 | D:2      | Noticed Jessica
   899 | D:2      | Killed Jessica
   900 | D:2      | Reached XP level 3. HP: 33/33 MP: 2/2
  1091 | D:3      | Reached XP level 4. HP: 38/41 MP: 3/3
  1341 | D:3      | Found an iron altar of Okawaru.
  1341 | D:3      | Found an ornate altar of the Wu Jian Council.
  1347 | D:3      | Became a worshipper of Warmaster Okawaru
  1766 | D:4      | Reached XP level 5. HP: 40/47 MP: 4/4
  1772 | D:4      | Reached skill level 5 in Axes
  1903 | D:4      | Reached skill level 1 in Invocations
  1908 | D:4      | Reached skill level 5 in Fighting
  1908 | D:4      | Reached skill level 5 in Shields
  1908 | D:4      | Reached XP level 6. HP: 25/56 MP: 4/6
  2162 | D:4      | Reached * piety under Okawaru
  2170 | D:4      | Reached XP level 7. HP: 31/61 MP: 7/7
  2344 | D:4      | Found a radiant altar of Vehumet.
  2985 | D:5      | Entered Level 5 of the Dungeon
  2994 | D:5      | Found a staircase to the Ecumenical Temple.
  3232 | D:5      | Found a shimmering blue altar of Sif Muna.
  3262 | D:5      | Reached XP level 8. HP: 59/70 MP: 9/9
  3274 | D:5      | Reached ** piety under Okawaru
  3276 | D:5      | Found a sand-covered staircase.
  3283 | Ossuary  | Entered an ossuary
  4248 | D:6      | Noticed a two-headed ogre
  4250 | D:6      | Noticed Grinder
  4256 | D:6      | Killed a two-headed ogre
  4256 | D:6      | Reached *** piety under Okawaru
  4257 | D:6      | Reached XP level 9. HP: 55/75 MP: 11/11
  4259 | D:6      | Killed Grinder
  4260 | D:6      | Reached skill level 10 in Axes
  4260 | D:6      | Reached skill level 5 in Invocations
  4456 | D:6      | Found a shimmering altar of Xom.
  4716 | D:7      | Noticed Prince Ribbit
  4741 | D:7      | Killed Prince Ribbit
  5220 | D:7      | Noticed Joseph
  5236 | D:7      | Killed Joseph
  5236 | D:7      | Reached **** piety under Okawaru
  5324 | D:7      | You fall into a shaft and drop 3 floors!
  5324 | D:10     | Entered Level 10 of the Dungeon
  5424 | D:10     | Noticed a troll
  5429 | D:10     | Killed a troll
  5430 | D:10     | Reached skill level 5 in Armour
  5583 | D:9      | Noticed a cyclops
  5607 | D:8      | Reached XP level 10. HP: 5/86 MP: 11/13
  6041 | D:7      | Noticed Jeremiah
  6081 | D:7      | Killed Jeremiah
  7123 | D:8      | Found a staircase to the Lair.
  7418 | D:8      | Killed a cyclops
  7662 | D:9      | Reached ***** piety under Okawaru
  7663 | D:9      | Reached skill level 10 in Shields
  7820 | D:9      | Noticed a two-headed ogre
  7832 | D:9      | Noticed a boulder beetle
  7857 | D:9      | Killed a boulder beetle
  7858 | D:9      | Reached XP level 11. HP: 24/94 MP: 3/14
  7858 | D:9      | Noticed a two-headed ogre
  8378 | D:9      | Found a broken altar of Ashenzari.
  8818 | D:10     | Noticed Gastronok
  8848 | D:10     | Killed Gastronok
  8848 | D:10     | Received a gift from Okawaru
  9161 | D:10     | Found a basalt altar of Yredelemnul.
  9334 | D:10     | Noticed Harold
  9355 | D:10     | Killed Harold
  9356 | D:10     | Reached skill level 1 in Throwing
  9757 | Lair:1   | Entered Level 1 of the Lair of Beasts
 10047 | Lair:1   | Reached skill level 15 in Axes
 10373 | Lair:1   | Found an ornate altar of the Wu Jian Council.
 10373 | Lair:1   | Noticed a boulder beetle
 10389 | Lair:1   | Killed a boulder beetle
 10390 | Lair:1   | Found a hide-covered altar of Uskayaw.
 10398 | Lair:1   | Noticed Fannar
 10420 | Lair:1   | Killed Fannar
 10420 | Lair:1   | Received a gift from Okawaru
 10787 | Lair:1   | Reached XP level 12. HP: 67/97 MP: 9/16
 11093 | Lair:2   | Noticed Erica
 11172 | Lair:2   | Killed Erica
 11384 | Lair:2   | Noticed Maggie
 11404 | Lair:2   | Killed Maggie
 11446 | Lair:2   | Received a gift from Okawaru
 11798 | Lair:2   | Found a staircase to the Swamp.
 12401 | Lair:3   | Noticed a six-headed hydra
 12436 | Lair:3   | Killed a one-headed hydra
 12449 | Lair:3   | Reached skill level 10 in Fighting
 12679 | Lair:3   | Found a hole to the Spider Nest.
 12688 | Lair:3   | Received a gift from Okawaru
 12698 | Lair:3   | Reached skill level 5 in Throwing
 12698 | Lair:3   | Reached skill level 10 in Armour
 12698 | Lair:3   | Reached XP level 13. HP: 108/113 MP: 17/17
 13510 | Lair:4   | You fall into a shaft and drop 1 floor!
 13510 | Lair:5   | Entered Level 5 of the Lair of Beasts
 13614 | Lair:5   | Found a snail-covered altar of Cheibriados.
 13966 | Lair:4   | Noticed Sonja
 13974 | Lair:4   | Killed Sonja
 14278 | Lair:4   | Found a large runed translucent door.
 14278 | Lair:4   | Noticed Wired's ghost (journeyman DrSh)
 14279 | Lair:4   | Found a large runed translucent door.
 15047 | Lair:5   | Found a viscous altar of Jiyva.
 15048 | Lair:5   | Found a staircase to the Slime Pits.
 15100 | Lair:5   | Noticed Nessos
 15117 | Lair:5   | Killed Nessos
 15117 | Lair:5   | Received a gift from Okawaru
 15800 | Lair:5   | Received a gift from Okawaru
 16171 | Lair:5   | Reached XP level 14. HP: 86/124 MP: 19/19
 16238 | Lair:5   | Found a corrupted altar of Lugonu.
 16238 | Lair:5   | Found a one-way gate to the infinite horrors of the Abyss.
 16575 | D:11     | Found a frozen archway.
 16579 | IceCv    | Entered an ice cave
 17358 | IceCv    | Received a gift from Okawaru
 17668 | D:11     | Found a runed translucent gate.
 17668 | D:11     | Found a runed translucent gate.
 17668 | D:11     | Found a runed translucent gate.
 17680 | D:11     | Found a staircase to the Orcish Mines.
 18559 | D:11     | Found a runed translucent gate.
 18559 | D:11     | Found a runed translucent gate.
 18675 | D:11     | Noticed Graknight's ghost (journeyman GrFi)
 18676 | D:11     | Found a runed translucent gate.
 18698 | D:11     | Gained mutation: You have large cloven feet. [a neqoxec]
 18718 | D:11     | Killed Graknight's ghost
 19032 | D:11     | Identified the +0 cloak of Pantheism {Will+ MP-9 Dex+3}
 19285 | D:12     | Noticed Gonzollydolly's ghost (journeyman MeFE)
 19288 | D:12     | Found a transporter.
 19294 | D:12     | Found a transporter.
 19351 | D:12     | Identified the +0 scale mail "Etsue" {rF+++ Will+ Regen+
                  | Int-3}
 19462 | D:12     | Noticed a sphinx
 19463 | D:12     | Paralysed by a sphinx for 5 turns
 19482 | D:12     | Killed a sphinx
 19482 | D:12     | Received a gift from Okawaru
 19516 | D:12     | Identified the +5 short sword of Harmony {flame, rF+ rN+
                  | Int+2}
 20475 | D:12     | Killed Gonzollydolly's ghost
 20637 | Orc:1    | Entered Level 1 of the Orcish Mines
 20860 | Orc:2    | Entered Level 2 of the Orcish Mines
 20870 | Orc:2    | Found a staircase to the Elven Halls.
 20991 | Orc:2    | Found Byes Ape's Armour Shoppe.
 21002 | Orc:2    | Received a gift from Okawaru
 21358 | Orc:2    | Reached skill level 10 in Invocations
 21446 | Orc:2    | Reached XP level 15. HP: 97/132 MP: 1/21
 22007 | Orc:2    | Found a burning altar of Makhleb.
 22314 | Orc:2    | Found Tecwes's Weapon Shoppe.
 22317 | Orc:2    | Found Nitaeg's Magic Scroll Shoppe.
 22318 | Orc:2    | Found Xairgh's General Store.
 22319 | Orc:2    | Found Roduimm's Armour Emporium.
 22322 | Orc:2    | Bought a scroll of identify for 24 gold pieces
 22323 | Orc:2    | Bought 2 scrolls of identify for 48 gold pieces
 22323 | Orc:2    | Bought a scroll of identify for 24 gold pieces
 22323 | Orc:2    | Bought a scroll of identify for 24 gold pieces
 22323 | Orc:2    | Bought a scroll of enchant weapon for 90 gold pieces
 22323 | Orc:2    | Bought a scroll of vulnerability for 48 gold pieces
 22327 | Orc:2    | Bought the -2 hat of the Alchemist {rElec rPois rF+ rC+ rN+
                  | Will+ rMut rCorr} for 613 gold pieces
 22327 | Orc:2    | Found the -2 hat of the Alchemist {rElec rPois rF+ rC+ rN+
                  | Will+ rMut rCorr}
 22458 | Orc:2    | Identified a scroll of acquirement
 22878 | Orc:1    | Received a gift from Okawaru
 23269 | D:13     | Found Lisusujisi's Jewellery Shop.
 23650 | D:13     | Noticed Kirke
 23660 | D:13     | Killed Kirke
 23814 | D:13     | Found a gate to the Vaults.
 23854 | D:13     | Received a gift from Okawaru
 23862 | D:13     | Reached skill level 15 in Shields
 24293 | D:13     | Found a sparkling altar of Nemelex Xobeh.
 24602 | D:14     | Found Eseotrov's Antique Weapon Shop.
 24608 | D:14     | Bought a dazzling war axe for 212 gold pieces
 24608 | D:14     | Identified the +5 war axe "Piegg" {freeze, rElec Will+
                  | Str-4 Int+8} (You bought it in a shop on level 14 of the
                  | Dungeon)
 25135 | D:15     | Entered Level 15 of the Dungeon
 25378 | D:15     | Reached skill level 10 in Throwing
 25697 | D:15     | Received a gift from Okawaru
 26040 | D:15     | Reached XP level 16. HP: 93/144 MP: 0/22
 26136 | D:15     | Found a staircase to the Depths.
 26665 | Swamp:1  | Entered Level 1 of the Swamp
 26671 | Lair:2   | Acquired the ring "Natiedgh" {+Blink rElec Str+6 Int-4
                  | Stlth+}
 26893 | Orc:2    | Bought a scroll of torment for 114 gold pieces
 27348 | Swamp:1  | Reached skill level 1 in Dodging
 27428 | Swamp:1  | Reached skill level 1 in Evocations
 28324 | Swamp:2  | Received a gift from Okawaru
 28983 | Swamp:2  | Got Qeis's Papyrus of Firn and the Quarry
 29671 | Swamp:3  | Received a gift from Okawaru
 30024 | Swamp:3  | Reached skill level 15 in Fighting
 30158 | Swamp:4  | Entered Level 4 of the Swamp
 30368 | Swamp:4  | Received a gift from Okawaru
 30377 | Swamp:4  | Noticed a thorn hunter
 30392 | Swamp:4  | Killed a thorn hunter
 31050 | Swamp:4  | Reached XP level 17. HP: 157/158 MP: 0/24
 31060 | Swamp:4  | Received a gift from Okawaru
 31072 | Swamp:4  | Reached skill level 5 in Evocations
 31184 | Swamp:4  | Identified the +2 leather armour of Qazlal's Hatred {Harm
                  | rF- Will++ rCorr}
 31680 | Swamp:4  | Noticed the 27-headed Lernaean hydra
 31716 | Swamp:4  | Killed the 21-headed Lernaean hydra
 31823 | Swamp:4  | Got a decaying rune of Zot
 32031 | Spider:1 | Entered Level 1 of the Spider Nest
 32043 | Spider:1 | Received a gift from Okawaru
 32764 | Spider:1 | Identified the +2 pair of boots "Hitas" {+Inv rN+++ Str-3
                  | Dex+2}
 34371 | Spider:2 | Reached ****** piety under Okawaru
 34371 | Spider:2 | Received a gift from Okawaru
 34375 | Spider:2 | Acquired the +8 orange crystal plate armour {Archmagi,
                  | Int+3 Clar}
 34375 | Spider:2 | Received a gift from Okawaru
 34375 | Spider:2 | Found the +8 orange crystal plate armour {Archmagi, Int+3
                  | Clar}
 34399 | Spider:2 | Acquired the +9 war axe of Inquiry {heavy, rF+ rC+ rCorr}
 34399 | Spider:2 | Received a gift from Okawaru
 34471 | Spider:2 | Acquired a manual of Armour
 35548 | Spider:3 | Reached skill level 15 in Armour
 36563 | Spider:4 | Entered Level 4 of the Spider Nest
 36572 | Spider:4 | Received a gift from Okawaru
 36581 | Spider:4 | Reached XP level 18. HP: 167/172 MP: 4/26
 37167 | Spider:4 | Received a gift from Okawaru
 37808 | Spider:4 | Received a gift from Okawaru
 38009 | Spider:4 | Got Sif Muna's Disquisition on the Coarse Icicle
 38220 | Spider:4 | Identified the +0 hat of Unlah {Drain rElec Will++ Str+2}
 38225 | Spider:4 | Got a gossamer rune of Zot
 38528 | Elf:1    | Entered Level 1 of the Elven Halls
 38618 | Elf:1    | Noticed Donald
 38626 | Elf:1    | Killed Donald
 38941 | Elf:1    | Paralysed by an air elemental for 1 turns
 39018 | Elf:1    | Found Unyub Foop's Antique Weapon Shoppe.
 39463 | Elf:1    | Found Sotover's Jewellery Shoppe.
 39464 | Elf:1    | Found Vavu's Book Boutique.
 39467 | Elf:1    | Found Gisaul's Jewellery Shoppe.
 39495 | Elf:1    | Bought the amulet of Pugemp {rElec rN+ Regen+ Int+3} for
                  | 817 gold pieces
 39594 | Elf:1    | You fall into a shaft and drop 1 floor!
 39951 | Elf:2    | Received a gift from Okawaru
 40295 | Elf:2    | Reached XP level 19. HP: 183/183 MP: 16/27
 40444 | Elf:2    | Found a runed translucent gate.
 40445 | Elf:2    | Found a runed translucent gate.
 40445 | Elf:2    | Found a runed translucent gate.
 40663 | Elf:2    | Received a gift from Okawaru
 41200 | Elf:3    | Entered Level 3 of the Elven Halls
 41219 | Elf:3    | Found a flickering gateway to a bazaar.
 41225 | Bazaar   | Entered a bazaar
 41225 | Bazaar   | Found Yfishuf's Antique Armour Boutique.
 41225 | Bazaar   | Found Uxtuhon's Antique Armour Shop.
 41225 | Bazaar   | Found Hiet's Book Boutique.
 41225 | Bazaar   | Found Toitzado's Book Shop.
 41225 | Bazaar   | Found Uffitisa's General Store.
 41245 | Bazaar   | Bought a manual of Evocations for 800 gold pieces
 41385 | Elf:3    | Identified the +4 rapier of Perversion {venom, Int+3}
 41444 | Elf:3    | Reached skill level 10 in Evocations
 41722 | Elf:3    | Received a gift from Okawaru
 42365 | Elf:3    | Received a gift from Okawaru
 42527 | Elf:3    | Got Egrun's Directory of Metamorphic Gloom
 42538 | Elf:3    | Got the Handbook of Combustion
 42543 | Elf:3    | Got Jeust's Codex of the Gargoyle and Energy
 42569 | Elf:3    | Identified the +3 halberd "Beastbane" {speed, MP+9}
 42570 | Elf:3    | Identified the +4 quarterstaff of Integrity {freeze, rElec
                  | Str+2}
 42756 | Elf:3    | Got Xurur's Thoughts on the Birds and the Crater
 43023 | Vaults:1 | Entered Level 1 of the Vaults
 43249 | Vaults:1 | Received a gift from Okawaru
 44161 | Vaults:1 | Reached XP level 20. HP: 193/193 MP: 9/28
 44503 | Vaults:1 | Received a gift from Okawaru
 44908 | Vaults:2 | Found a magical portal.
 44917 | WizLab   | Entered Doroklohe's Tomb
 45343 | WizLab   | Reached skill level 5 in Dodging
 45429 | WizLab   | Acquired 528 gold pieces
 45939 | Vaults:2 | Received a gift from Okawaru
 46411 | Vaults:2 | Found a staircase to the Crypt.
 48072 | Vaults:3 | Received a gift from Okawaru
 48767 | Vaults:3 | Found a runed translucent gate.
 48767 | Vaults:3 | Found a runed translucent gate.
 48767 | Vaults:3 | Found a runed translucent gate.
 48767 | Vaults:3 | Noticed Plog's ghost (adept AtMo)
 49261 | Vaults:3 | Found a viscous altar of Jiyva.
 49270 | Vaults:3 | Reached XP level 21. HP: 195/204 MP: 2/29
 49278 | Vaults:3 | Killed Plog's ghost
 49392 | Vaults:3 | Acquired 518 gold pieces
 49524 | Vaults:4 | Received a gift from Okawaru
 50003 | Vaults:4 | Received a gift from Okawaru
 50145 | Vaults:4 | Found Xare's Book Emporium.
 50163 | Vaults:4 | Found Odghu's Distillery.
 50208 | Vaults:4 | Found Begruim's Distillery.
 50762 | Vaults:4 | Acquired the amulet "Immetwusev" {Reflect rPois rC+ Str+3
                  | SH+5}
 51001 | Depths:1 | Entered Level 1 of the Depths
 51218 | Depths:1 | Received a gift from Okawaru
 51665 | Depths:1 | Identified the +1 leather armour of Action {rN+ Str+3 SInv}
 51834 | Depths:1 | Found a one-way gateway to a ziggurat.
 51938 | Depths:1 | Found a white marble altar of Elyvilon.
 51967 | Depths:1 | Reached skill level 10 in Dodging
 52194 | Depths:1 | Found an opulent altar of Gozag.
 52335 | Depths:1 | Found a gateway to Hell.
 52631 | Depths:2 | Received a gift from Okawaru
 53085 | Depths:2 | Reached XP level 22. HP: 215/215 MP: 6/30
 53959 | Depths:2 | Found a one-way gate leading to the halls of Pandemonium.
 54312 | Depths:3 | Received a gift from Okawaru
 54545 | Depths:3 | You fall into a shaft and drop 1 floor!
 54545 | Depths:4 | Entered Level 4 of the Depths
 55250 | Depths:3 | Identified the +8 orcbow of Suotatz {freeze, *Corrode rElec
                  | rPois rC+}
 55865 | Depths:4 | Received a gift from Okawaru
 55886 | Depths:4 | Found a gate to the Realm of Zot.
 56684 | Depths:4 | Found a shadowy altar of Dithmenos.
 56982 | Depths:4 | Received a gift from Okawaru
 57472 | Depths:3 | Voluntarily entered the Abyss.
 57508 | Abyss:2  | Found a corrupted altar of Lugonu.
 57509 | Abyss:2  | Found a corrupted altar of Lugonu.
 57509 | Abyss:2  | Found a corrupted altar of Lugonu.
 57659 | Abyss:3  | Found a corrupted altar of Lugonu.
 57779 | Abyss:3  | Reached skill level 15 in Evocations
 57831 | Depths:3 | Escaped the Abyss
 57949 | Depths:3 | Voluntarily entered the Abyss.
 57974 | Abyss:3  | Found a corrupted altar of Lugonu.
 58070 | Abyss:3  | Received a gift from Okawaru
 58073 | Abyss:3  | Reached XP level 23. HP: 120/225 MP: 1/31
 58191 | Abyss:3  | Gained mutation: Armour fits poorly on your strangely
                  | shaped body. [a neqoxec]
 58797 | Abyss:4  | Reached skill level 15 in Throwing
 59049 | Abyss:4  | Received a gift from Okawaru
 59208 | Abyss:4  | Noticed an ancient lich
 59220 | Abyss:4  | Killed an ancient lich
 59267 | Abyss:4  | Received a gift from Okawaru
 59268 | Abyss:4  | Found a corrupted altar of Lugonu.
 59576 | Abyss:4  | Paralysed by an air elemental for 1 turns
 59596 | Abyss:4  | Paralysed by accursed screaming for 2 turns
 59601 | Abyss:4  | Paralysed by accursed screaming for 2 turns
 59606 | Abyss:4  | Paralysed by accursed screaming for 1 turns
 59610 | Abyss:4  | HP: 10/205 [starcursed mass/accursed screaming (14)]
 59624 | Arena    | Entered the Arena
 59630 | Arena    | HP: 4/206 [daeva/divine providence (13)]
 59636 | Arena    | Received a gift from Okawaru
 59675 | Abyss:4  | Noticed a dread lich
 59683 | Abyss:4  | Killed a dread lich
 59717 | Abyss:4  | Found a corrupted altar of Lugonu.
 59928 | Depths:3 | Escaped the Abyss
 60128 | Depths:3 | Lost mutation: You have large cloven feet. [potion of
                  | mutation]
 60128 | Depths:3 | Lost mutation: Armour fits poorly on your strangely shaped
                  | body. [potion of mutation]
 60128 | Depths:3 | Gained mutation: You are frail. (-10% HP) [potion of
                  | mutation]
 60458 | Depths:3 | Got the Guidebook on the Morgue and Alteration
 60575 | Depths:3 | Voluntarily entered the Abyss.
 60607 | Abyss:4  | Noticed a dread lich
 60617 | Abyss:4  | Killed a dread lich
 60678 | Abyss:4  | Received a gift from Okawaru
 60740 | Abyss:4  | Reached XP level 24. HP: 212/212 MP: 2/31
 60782 | Depths:3 | Escaped the Abyss
 60901 | Depths:3 | Voluntarily entered the Abyss.
 61033 | Abyss:4  | Got an abyssal rune of Zot
 61036 | Depths:3 | Escaped the Abyss
 61291 | Depths:3 | Lost mutation: You are frail. (-10% HP) [potion of
                  | mutation]
 61291 | Depths:3 | Gained mutation: A frigid envelope surrounds you and
                  | freezes all who hurt you. [potion of mutation]
 61344 | Zot:1    | Entered Level 1 of the Realm of Zot
 61541 | Zot:1    | Noticed a Killer Klown
 61545 | Zot:1    | Noticed a Killer Klown
 61563 | Zot:1    | Killed a Killer Klown
 61563 | Zot:1    | Received a gift from Okawaru
 61578 | Zot:1    | Killed a Killer Klown
 62617 | Zot:1    | Received a gift from Okawaru
 62626 | Zot:1    | Reached skill level 15 in Dodging
 63443 | Zot:2    | Noticed Vv
 63460 | Zot:2    | Killed Vv
 64397 | Zot:3    | Received a gift from Okawaru
 64824 | Zot:3    | Reached XP level 25. HP: 141/247 MP: 0/31
 66769 | Zot:5    | Entered Level 5 of the Realm of Zot
 66840 | Zot:5    | Identified the +8 broad axe "Uzenipea" {freeze, rPois
                  | Dex+3}
 66972 | Zot:5    | Received a gift from Okawaru
 67457 | Zot:5    | Noticed an orb of fire
 67468 | Zot:5    | Noticed an orb of fire
 67471 | Zot:5    | Killed an orb of fire
 67474 | Zot:5    | Killed an orb of fire
 67477 | Zot:5    | Noticed an ancient lich
 67484 | Zot:5    | Killed an ancient lich
 67495 | Zot:5    | Noticed a Killer Klown
 67497 | Zot:5    | Noticed a dread lich
 67498 | Zot:5    | Killed a Killer Klown
 67504 | Zot:5    | Killed a dread lich
 67771 | Zot:5    | Noticed a dread lich
 67781 | Zot:5    | Killed a dread lich
 67990 | Zot:5    | Got the Orb of Zot
 68018 | Zot:5    | Noticed Ovasump the pandemonium lord
 68018 | Zot:5    | Received a gift from Okawaru
 68045 | Zot:5    | Noticed Digufilo the pandemonium lord
 68050 | Zot:5    | Killed Ovasump the pandemonium lord
 68061 | Zot:5    | Killed Digufilo the pandemonium lord
 68064 | Zot:5    | Noticed an orb of fire
 68066 | Zot:5    | Gained mutation: You are frail. (-10% HP) [an orb of fire]
 68067 | Zot:5    | Noticed an ancient lich
 68070 | Zot:5    | Noticed a dread lich
 68079 | Zot:5    | Noticed a Killer Klown
 68082 | Zot:5    | Noticed a Killer Klown
 68086 | Zot:5    | Killed an ancient lich
 68089 | Zot:5    | Noticed a dread lich
 68091 | Zot:5    | Killed a dread lich
 68091 | Zot:5    | Noticed a Killer Klown
 68092 | Zot:5    | Killed an orb of fire
 68103 | Zot:4    | Noticed Otad the pandemonium lord
 68147 | Zot:1    | Noticed Okeil the pandemonium lord
 68540 | D:5      | Noticed Wucump the pandemonium lord
 68586 | D:2      | Reached XP level 26. HP: 233/233 MP: 18/31
 68624 | D:$      | Escaped with the Orb!

Illustrated notes

Levels and vault maps discovered:
D:1:      beargit_arrival_greenhouse, layout_basic
D:2:      layout_rooms, uniq_jessica, uniq_crazy_yiuf_cottage
D:3:      layout_basic, mainiacjoe_overflow_divided_tiny,
          minmay_misc_feat_hallway, nicolae_twisty_statue_hallways
D:4:      layout_loops_ring, kennysheep_mini, nicolae_half_adder
D:5:      layout_basic, lemuel_blue_sif_altar, minmay_temple_entry_antechambers,
          nicolae_ossuary_entry_ruins, kennysheep_boxes
D:6:      layout_rooms, xom_teletrap_fun, kennysheep_generic_room_9,
          uniq_grinder
D:7:      layout_basic, dk_vineyard_1, uniq_prince_ribbit1, uniq_joseph,
          uniq_jeremiah
D:8:      corexii_shack_village, layout_basic, lair_entry_dummy,
          serial_library_hellmonk_recessed_alcove, serial_bayou_lagoon_a
D:9:      layout_loops_ring, lemuel_doored_altar, nicolae_lava_and_water
D:10:     layout_basic, mainiacjoe_overflow_concentric_impassable,
          grunt_ministairs_15, uniq_gastronok, uniq_harold
D:11:     layout_basic, david_orc_3, portal_ice_cave_entry_pillars_1,
          ploomutoo_gammafunk_ghost_potion_laboratory, nicolae_letterblocks
          [nicolae_letter_subblock, nicolae_letter_subblock,
          nicolae_letter_subblock, nicolae_letter_subblock,
          nicolae_letter_subblock, nicolae_letter_subblock,
          nicolae_letter_subblock, nicolae_letter_subblock,
          nicolae_letter_subblock, nicolae_letter_subblock,
          nicolae_letter_subblock, nicolae_letter_subblock,
          nicolae_letter_subblock, nicolae_letter_subblock,
          nicolae_letter_subblock, nicolae_letter_subblock,
          nicolae_letter_subblock, nicolae_letter_subblock,
          nicolae_letter_subblock, nicolae_letter_subblock,
          nicolae_letter_subblock, nicolae_letter_subblock,
          nicolae_letter_subblock, nicolae_letter_subblock,
          nicolae_letter_subblock]
D:12:     layout_long_grid, nzn_ghost_randoct, nicolae_doodle_vault
D:13:     layout_loops_ring, erik_vaults_2, serial_shops, nicolae_stop_n_shop_2,
          nemelex_diamond_rough_becter, uniq_kirke
D:14:     layout_rooms, serial_shops, nicolae_shop_scrapyard, nicolae_titane
D:15:     hellmonk_depths_entry_around_the_bend, layout_basic, serial_curves,
          eino_curves_02, eino_curves_02
Lair:1:   layout_chaotic_city, nzn_masters_of_martial_movement,
          infiniplex_staircase_pool, uniq_fannar
Lair:2:   layout_roguey, mainiacjoe_swamp_entry_angry_trees, lemuel_fruit_tree,
          grunt_megastairs_3, uniq_maggie, uniq_erica
Lair:3:   layout_loops_ring, nicolae_spider_entry_lesser_pyramids, dpeg_oklob_1
Lair:4:   layout_cave_pods, ebering_ghost_disaster_area, grunt_megastairs_5,
          uniq_sonja
Lair:5:   hellmonk_lair_end_abyssal_woods, layout_small_grid, slime_entry_1,
          basic_altar, eino_house_with_fridge, uniq_nessos
Swamp:1:  layout_basic_swamp, evilmike_swamp_ruin_house_2, swamp_pool_4
Swamp:2:  layout_basic_swamp, evilmike_swamp_ruin_house_6, swamp_pool_1_2,
          hangedman_swamp_dais, infiniplex_staircase_pool_2
Swamp:3:  layout_basic_swamp, evilmike_swamp_ruin_house_4
Swamp:4:  grunt_swamp_rune_castle, layout_basic_swamp, swamp_pool_1_2,
          nicolae_swamp_oxbows
Spider:1: layout_spider_delve
Spider:2: layout_spider_delve
Spider:3: layout_cave_pods
Spider:4: hellmonk_spider_rune_endless_swarm
Orc:1:    layout_diamond_mine
Orc:2:    st_orc_pillars, layout_caves, basic_altar, serial_shops, shop
Elf:1:    eino_elf_arrival_sip, layout_geoelf_octagon, serial_shops,
          nicolae_shop_just_a_little_nook, nicolae_elf_blasts_and_bolts,
          minmay_shop_grove, uniq_donald
Elf:2:    nicolae_elf_blades_crystal_corner, layout_onion_city, serial_sigils,
          serial_sigils_hangedman_scar, serial_sigils_hangedman_shear,
          serial_sigils_hangedman_shear, hangedman_elf_targeted_burst,
          amethyst_killhole
Elf:3:    elf_hall_gauntlet_wide, layout_geoelf_diagonals, serial_shops,
          bzr_entry_safe, hex_medium
Vaults:1: hangedman_vaults_impose, nicolae_vaults_tetromino_T_1,
          nicolae_vaults_hallways_thing, hangedman_vaults_nails,
          nicolae_vaults_lightning_bolt, hangedman_vaults_corner_blocks,
          nicolae_vaults_little_squares_2, vaults_room_grunt_arrival_ludios,
          nicolae_vaults_more_shelving_1, vaults_room_pool,
          layout_vaults_omnigrid
Vaults:2: mu_enter_wizlab_6, v_misc_13, hangedman_vaults_corner_blocks,
          nicolae_vaults_thirteen_compartments, vaults_standard_mumra_lines,
          nicolae_vaults_little_squares_5, nicolae_vaults_house_2,
          nicolae_vaults_trapezoid_4, layout_vaults_chaotic_city
Vaults:3: gammafunk_ghost_ooze, v_pattern_1, vaults_room_grid,
          ontoclasm_vaults_hangar, nicolae_vaults_enemy_cabinets,
          nicolae_vaults_network_barrier, ontoclasm_vaults_ligature,
          nicolae_vaults_windows_and_doors_thing, ontoclasm_vaults_ring_square,
          ontoclasm_vaults_loading_screen, ontoclasm_vaults_pinch, v_misc_23,
          layout_vaults_omnicross, serial_shops
Vaults:4: v_misc_3, hangedman_vaults_stagger, vaults_dpeg_hooks,
          nicolae_vaults_little_ls, hangedman_vaults_capsules,
          nicolae_vaults_asterisk, hangedman_vaults_unwind,
          nicolae_vaults_door_testing_chamber, nicolae_vaults_house_1,
          nicolae_vaults_prndl, nicolae_vaults_wine_cellar,
          nicolae_vaults_house_3, vaults_room_pool,
          hangedman_vaults_corner_blocks, nicolae_vaults_storage_room_doors,
          layout_vaults_maze_bifur, serial_shops, shop_fountains, shop, shop
Depths:1: layout_roguey, enter_ziggurat_c, hangedman_tar_grid_catacomb,
          abyss_entry, elyvilon_altar_4, grunt_gozag_statues,
          serial_bayou_shore_b, serial_bayou_shore_b, firewood_loft,
          infiniplex_staircase_pool_lava, kennysheep_random_hallway
Depths:2: nicolae_cairo_tiling_very_big, layout_basic,
          hangedman_decor_diamond_cutter, hangedman_geh_valley, abyss_entry,
          rand_demon_pan_entry_9
Depths:3: regret_index_all_hallows'_manor, layout_gridlike, abyss_entry,
          grunt_mini_vestibule, serial_curves, eino_curves_03, eino_curves_01,
          minmay_misc_feat_diagonals
Depths:4: grunt_crosshair, layout_gridville, grunt_dithmenos_smoke_and_mirrors,
          hell_entry
Zot:1:    grunt_zot_stairs_faceoff, layout_misc_corridors,
          regret_index_zotdec_obsidian_hm, st_stairs_6, grunt_ministairs_10
Zot:2:    kennysheep_blocky_room, layout_onion_interference, st_stairs_2,
          st_single_dragon_hoard_2, uniq_vv
Zot:3:    layout_cathedral_of_symmetry, lemuel_baited_zot_trap,
          grunt_ministairs_7, hangedman_snake_sidewinding
Zot:4:    layout_gridlike
Zot:5:    layout_onion, lemuel_baited_zot_trap

Skill      XL: |  1  2  3  4  5  6  7  8  9 10 11 12 13 14 15 16 17 18 19 20 21 22 23 24 25 |
---------------+----------------------------------------------------------------------------+-----
Axes           | 3 4 5 6 7 9 11 13 15 16 17 19 20 22 24 25 | 25.0
Fighting       | 4 5 6 7 8 10 11 12 13 16 18 19 20 21 22 23 24 25 | 25.5
Shields        | 4 5 6 7 8 10 11 12 13 14 15 17 18 19 | 19.7
Invocations    | 1 2 3 4 6 7 8 10 11 12 13 | 13.0
Armour         | 5 7 8 10 11 12 13 14 15 19 20 21 23 24 | 24.6
Throwing       | 2 5 6 8 10 11 14 15 | 15.0
Dodging        | 3 4 7 10 12 14 15 | 15.0
Evocations     | 4 7 9 12 14 15 16 17 18 | 18.7

Action                     |  1- 3 |  4- 6 |  7- 9 | 10-12 | 13-15 | 16-18 | 19-21 | 22-24 | 25-27 || total
---------------------------+-------+-------+-------+-------+-------+-------+-------+-------+-------++-------
  Melee: War axe           |    54 |    91 |   274 |   710 |   389 |   433 |   912 |  1210 |   270 ||  4343
         Headbutt          |     6 |    14 |    46 |   134 |   245 |   277 |   261 |   341 |    73 ||  1397
         Scimitar          |       |       |       |     7 |       |       |       |       |       ||     7
         Battleaxe         |       |       |       |       |   524 |     8 |       |       |       ||   532
         Hand axe          |       |       |       |       |   120 |    72 |       |       |       ||   192
         Broad axe         |       |       |       |       |     8 |   566 |       |       |       ||   574
  Throw: Dart              |     4 |     3 |    25 |    91 |    63 |     4 |       |       |       ||   190
         Boomerang         |       |       |       |     5 |    53 |   412 |   115 |    10 |       ||   595
         Javelin           |       |       |       |       |     2 |       |     6 |    19 |    28 ||    55
 Invoke: Heroism           |       |       |     4 |    12 |    26 |     6 |    10 |    17 |    15 ||    90
         Finesse           |       |       |       |     3 |     3 |     1 |       |       |       ||     7
         Receive Weapon    |       |       |       |       |       |     1 |       |       |       ||     1
         Receive Armour    |       |       |       |       |       |     1 |       |       |       ||     1
         Duel              |       |       |       |       |       |       |       |     1 |       ||     1
Ability: Evoke Blink       |       |       |       |       |       |       |       |     1 |       ||     1
  Evoke: Wand              |       |       |       |     7 |     1 |       |       |     1 |     7 ||    16
    Use: Scroll            |       |     3 |     4 |    10 |    15 |     8 |    14 |    10 |     7 ||    71
         Potion            |       |     1 |       |     2 |     4 |     1 |       |    14 |     1 ||    23
   Stab: Petrified         |       |       |       |       |     3 |       |       |       |       ||     3
         Petrifying        |       |       |       |       |     2 |       |       |       |       ||     2
         Confused          |       |       |       |       |       |     2 |       |       |       ||     2
 Armour: Scale mail        |    47 |    76 |    83 |   185 |   210 |       |       |       |       ||   601
         Chain mail        |       |       |    77 |   203 |       |       |       |       |       ||   280
         Plate armour      |       |       |       |       |   599 |   576 |       |       |       ||  1175
         Crystal plate arm |       |       |       |       |       |   460 |   885 |   799 |   204 ||  2348
  Dodge: Dodged            |    21 |    51 |   108 |   212 |   289 |   252 |   243 |   421 |    85 ||  1682
  Block: Buckler           |    14 |    19 |    84 |   209 |   128 |       |       |       |       ||   454
         Tower shield      |       |       |       |       |       |  1138 |  1180 |  1626 |   510 ||  4454
         Reflection        |       |       |       |       |       |       |     1 |    24 |     9 ||    34

Table legend: (Time is in decaauts)
 A = Elapsed time spent in this place.
 B = Non-inter-level travel time spent in this place.
 C = Inter-level travel time spent in this place.
 D = Time resting spent in this place.
 E = Time spent auto-exploring this place.
 F = Levels seen in this place.
 G = Mean time per level.
                   A        B        C        D        E       F      G
               +--------+--------+--------+--------+--------+-----+--------+
         Total |  68652 |  64300 |   4352 |   4968 |  44388 |  59 | 1163.6 |
       Dungeon |  17167 |  15241 |   1926 |   1237 |  10843 |  15 | 1144.5 |
          Lair |   6890 |   6252 |    638 |    573 |   3703 |   5 | 1378.0 |
         Swamp |   4489 |   4308 |    181 |     67 |   3472 |   4 | 1122.2 |
   Spider Nest |   6339 |   6181 |    158 |    253 |   4653 |   4 | 1584.8 |
  Orcish Mines |   2666 |   2333 |    333 |     42 |   1839 |   2 | 1333.0 |
   Elven Halls |   4455 |   4269 |    186 |     48 |   3244 |   3 | 1485.0 |
        Vaults |   7367 |   7103 |    264 |      0 |   6047 |   4 | 1841.8 |
        Depths |   7859 |   7292 |    567 |    305 |   5882 |   4 | 1964.8 |
           Zot |   6894 |   6801 |     93 |   1523 |   3742 |   5 | 1378.8 |
         Abyss |   2743 |   2743 |      0 |    599 |    121 |   8 |  342.9 |
        Bazaar |     24 |     24 |      0 |      0 |     16 |   1 |   24.0 |
       Ossuary |    218 |    218 |      0 |      0 |    142 |   1 |  218.0 |
      Ice Cave |    912 |    912 |      0 |    299 |    251 |   1 |  912.0 |
        Wizlab |    590 |    590 |      0 |      0 |    429 |   1 |  590.0 |
         Arena |     34 |     34 |      0 |     20 |      0 |   1 |   34.0 |
               +--------+--------+--------+--------+--------+-----+--------+

Top non-repeatable levels by time:
Depths:3: 2887 daAuts
Vaults:3: 2319 daAuts
   Zot:2: 2119 daAuts
Vaults:1: 1868 daAuts
 Abyss:4: 1826 daAuts
   Orc:2: 1822 daAuts
  Lair:5: 1806 daAuts
   Zot:3: 1793 daAuts
Vaults:2: 1778 daAuts
 Swamp:4: 1741 daAuts
Spider:1: 1714 daAuts
    D:11: 1704 daAuts
Depths:4: 1704 daAuts
   Elf:3: 1683 daAuts
Depths:2: 1661 daAuts
